Unix NetHack Version 3.7.0-89 Work-in-progress - last build Sep 7 2023 15:16:41 (8494bff02b67719303c47e298deaa89034127798,branch:master). Game began 2023-09-08 19:52:51, ended 2023-09-08 20:13:11. grux, lawful female human Valkyrie ---------------- ................ ----------- |.....@........| |.........| |..............| `###..........| - -------.------ |.........| |.........| |.........| --.-------- # # ## # ## -.-------.---- ------.-.--- |..>.........| +...<..:...| |............| #|..|.......| ......^....`..###############...........| |............| ------------ -------------- Grux the Stripling St:17 Dx:13 Co:18 In:7 Wi:10 Ch:11 Lawful S:150 Dlvl:1 $:0 HP:0(33) Pw:5(5) AC:5 Xp:2/20 T:1006 Latest messages: This tastes like slime mold juice. Call a ruby potion: slime mold juice You stop. Your little dog is in the way! You stop. Your little dog is in the way! You see here a brilliant blue potion (for sale, 67 zorkmids). "For you, esteemed lady; only 67 zorkmids for this brilliant blue potion." t - a brilliant blue potion (unpaid, 67 zorkmids). You see here a black potion (for sale, 400 zorkmids). "For you, honored lady; only 400 zorkmids for this black potion." o - a black potion (unpaid, 400 zorkmids). What do you want to drink? [moprt or ?*] o You rise up, through the shop's ceiling! You escaped the shop without paying! You stole 467 zorkmids worth of merchandise. An alarm sounds! The Keystone Kops are after you! Call a black potion: black Sablja zaps a marble wand! The wand misses you. What do you want to throw? [$bg or ?*] t In what direction? 4 The phial crashes on Sablja's head and breaks into shards. The brilliant blue potion evaporates. Sablja looks rather ill. Call a brilliant blue potion: ill Sablja zaps a marble wand! The wand hits you! Sablja zaps a marble wand! The wand misses you. What do you want to throw? [$bg or ?*] ? Never mind. What do you want to put on? [h or ?*] ? Which ring-finger, Right or Left? [rl] ^@ What do you want to put on? [h or ?*] r That is a silly thing to put on. What do you want to put on? [h or ?*] r That is a silly thing to put on. What do you want to put on? [h or ?*] h Which ring-finger, Right or Left? [rl] r h - a gold ring (on right hand). Sablja zaps a marble wand! The wand misses you. You miss Sablja. Sablja hits! Sablja hits again! You die... Sablja takes all your possessions. Do you want to see what you had when you died? [ynq] (y) y Do you want to see your attributes? [ynq] (y) y Do you want an account of creatures vanquished? [ynaq] (y) q Inventory: Weapons b - a +0 dagger (alternate weapon; not wielded) g - a cursed +0 orcish dagger a - a +1 spear (weapon in hand) Armor f - a blessed +0 orcish helm (being worn) i - an uncursed +0 pair of elven boots c - an uncursed +3 small shield (being worn) Comestibles d - an uncursed food ration Scrolls e - an uncursed scroll of destroy armor Potions m - an uncursed potion of booze p - an uncursed potion of water r - a potion of unholy water Rings h - a cursed ring of polymorph (on right hand) Grux the Valkyrie's attributes: Background: You were a Stripling, a level 2 human Valkyrie. You were lawful, nominally on a mission for Tyr who was opposed by Odin (neutral) and Loki (chaotic). You were in the Dungeons of Doom, on level 1. You entered the dungeon 1006 turns ago. You had 20 experience points, 20 more were needed to attain level 3. Your score was 150 before end-of-game adjustments. Basics: You had 0 out of 33 hit points. You had all 5 energy points (spell power). Your armor class was 5. Your wallet was empty. Autopickup was on for '$' plus thrown. Final Characteristics: Your strength was 17 (limit:18/100). Your dexterity was 13 (limit:18). Your constitution was 18 (limit:18). Your intelligence was 7 (limit:18). Your wisdom was 10 (limit:18). Your charisma was 11 (limit:18). Final Status: You were not hungry. You were unencumbered. You were wielding a spear. You had basic skill with spear. Final Attributes: You were fervently aligned. You were cold resistant. You saw invisible. You were polymorphing periodically. You are dead. Miscellaneous: You never encountered a bones level. Total elapsed playing time was 20 minutes and 19 seconds. Major events: Turn 1: grux the lawful human Valkyrie entered the dungeon 1003: stole 467 zorkmids worth of merchandise from Sablja's liquor emporium 1006: killed by Mr. Sablja; the shopkeeper Vanquished creatures: 2 jackals 2 foxes 2 goblins a sewer rat a grid bug 2 lichens 4 newts 14 creatures vanquished. No species were genocided or became extinct. Voluntary challenges: You were an atheist. You were illiterate. You never engraved Elbereth. You never genocided any monsters. You never polymorphed an object. You never changed form. You used no wishes. Achievement: You entered a shop. The Dungeons of Doom: levels 1 to 2 Level 1: <- You were here. A grave. Final resting place for you, killed by Mr. Sablja; the shopkeeper. Level 2: A potion shop, a fountain. Game over: ---------- / \ / REST \ / IN \ / PEACE \ / \ | grux | | 0 Au | | killed by Mr. | | Sablja; the | | shopkeeper | | | | 2023 | *| * * * | * _________)/\\_//(\/(/\)/\//\/|_)_______ Farvel grux the Valkyrie... You died in The Dungeons of Doom on dungeon level 1 with 150 points, and 0 pieces of gold, after 1006 moves. You were level 2 with a maximum of 33 hit points when you died.